 Dungeon Crawl Stone Soup version 0.31-a0-222-gefeffbb62a (webtiles) character file.

Game seed: 2960063992009542614

88 qw the Shooter (level 4, -1/26 HPs)
             Began as a Gargoyle Hexslinger on July 4, 2023.
             Slain by a lemure (2 damage)
             ... led by Pikel
             ... on level 3 of the Dungeon.
             The game lasted 00:00:46 (2752 turns).

qw the Shooter (Gargoyle Hexslinger)                Turns: 2752, Time: 00:00:46

Health: -1/26      AC: 10    Str: 12    XL:     4   Next: 53%
Magic:  5/5        EV: 10    Int: 13    God:
Gold:   65         SH:  5    Dex: 14    Spells: 4/5 levels left

rFire   + . .        Y - +0 arbalest
rCold   + . .        (shield currently unavailable)
rNeg    + . .        g - +1 ring mail {Will+}
rPois   inf          e - +0 helmet
rElec   +            i - scarf {rC+ rF+}
rCorr   .            (no gloves)
SInv    .            (no boots)
Will    +....        f - amulet of reflection
Stlth   +            (no ring)
HPRegen 0.24/turn    (no ring)
MPRegen 0.09/turn

%: reflection
@: no status effects
A: sickness immunity, AC +3, negative energy resistance 1, electricity
resistance, torment resistance 1, petrification resistance
a: no special abilities


You were on level 3 of the Dungeon.
You visited 1 branch of the dungeon, and saw 4 of its levels.

You collected 161 gold pieces.
You spent 96 gold pieces at shops.


Innate Abilities, Weirdness & Mutations

You are immune to sickness and miasma.
Your stone body is resilient. (AC +3)
You are immune to poison.
You resist negative energy. (rN+)
You are resistant to electric shocks. (rElec)
You are resistant to unholy torment.
You are immune to petrification.


   Skills:
 - Level 2.0 Fighting
 + Level 4.1 Ranged Weapons
 - Level 1.0 Armour
 - Level 1.5 Dodging
 - Level 1.0 Spellcasting
 - Level 2.6 Hexes


You had 4 spell levels left.
You knew the following spells:

 Your Spells              Type           Power      Damage    Failure   Level
a - Slow                  Hex            28%        N/A       22%         1

Your spell library contained the following spells:

 Spells                   Type           Power      Damage    Failure   Level
 Inner Flame              Hex/Fire       4%         N/A       73%         3
 Portal Projectile        Hex/Tloc       8%         N/A       73%         3
 Cause Fear               Hex            3%         N/A       91%         4

Inventory:

Hand Weapons
 Y - a +0 arbalest (weapon)
Armour
 a - a +0 cloak
 e - a +0 helmet (worn)
 g - a +1 ring mail of willpower (worn)
 i - a scarf of resistance (worn)
Jewellery
 f - an amulet of reflection (around neck)
Potions
 c - a potion of mutation {unknown}
 d - a potion of magic {unknown}
 h - a potion of heal wounds {unknown}
 j - a potion of resistance {unknown}

Dungeon Overview and Level Annotations

Branches:
Dungeon (4/15)
 Temple: D:4-7

Altars:
Vehumet

Shops:
D:3 [[

Annotations:
D:4 Pikel


Message History

You see here a scroll of fog.
There is a stone staircase leading down here.
You climb downwards.
Pikel shouts!
The lemure shouts! x2
Found a book of Weapons and 10 gold pieces.
Found an escape hatch in the ceiling.
There is a stone staircase leading up here.
There are monsters nearby!
Waypoint 3 assigned to D:4.
You shoot a bolt. The bolt closely misses the lemure.
You shoot a bolt. The bolt hits the lemure!
The lemure is heavily wounded.
Pikel says, "You'll make a fine lemure."
The lemure hits you. x2; The lemure closely misses you.
2744 ||| STAIRDANCE You block the lemure's attack.
The lemure hits you.
You climb upwards.
There is a stone staircase leading down here.
You shoot a bolt. The bolt hits the lemure!
You kill the lemure!
That felt strangely unrewarding.
The lemure hits you but does no damage. You block the lemure's attack. x2
The lemure closely misses you.
You shoot a bolt. The bolt closely misses the lemure.
The lemure hits you but does no damage. The lemure hits you. x2
The lemure hits you but does no damage.
You shoot a bolt. The bolt barely misses the lemure.
The lemure hits you but does no damage. x2; The lemure closely misses you.
The lemure hits you.
You shoot a bolt. The bolt barely misses the lemure.
The lemure barely misses you. The lemure hits you but does no damage.
You shoot a bolt. The bolt completely misses the lemure.
You block the lemure's attack. The lemure hits you.
You block the lemure's attack. The lemure hits you but does no damage.
You shoot a bolt. The bolt completely misses the lemure.
The lemure barely misses you. The lemure misses you. The lemure hits you.
The lemure hits you but does no damage.
You shoot a bolt. The bolt closely misses the lemure.
The lemure hits you.
You die...

.#.# #.##.....#...#..##.........
.#.####.###..#.#...#.###.......#.
.#.##.....#....#._.#.# #.........
.#........#.#..#...#.# #.......#.
.#<......(#.#..#...#.###.......#.
...##.....#.#..#...#......?######
##.#......#.##.##.##.##....#
...#.######.##.5.5...##.##.#
####.# #.####@..........# #.# #.#
############# #.# #.######## #.#
#........# #.# ########.# #.# #.#
#.# #.# #.# ######.# #.# #......#
########


You could see 2 lemures.

Vanquished Creatures
  A lemure (D:3)
  A statue (D:3)
  An adder (D:3)
  A worm (D:3)
  A dart slug (D:3)
  An endoplasm (D:1)
  2 giant cockroaches (D:1)
  3 goblins
  5 hobgoblins
  3 jackals (D:2)
  6 quokkas
  4 ball pythons
  4 bats
  4 frilled lizards
  8 kobolds
  5 rats
50 creatures vanquished.

Notes
Turn   | Place    | Note
-------+----------+-------------------------------------------
     0 | D:1      | qw the Gargoyle Hexslinger began the quest for the Orb.
     0 | D:1      | Reached XP level 1. HP: 12/12 MP: 2/2
     0 | D:1      | 0 ||| qw: Version: 0.3-a-46-gb1f654a
     0 | D:1      | 0 ||| qw: Game counter: 867
     0 | D:1      | 0 ||| qw: Melee chars always use a shield: true
     0 | D:1      | 0 ||| qw: God list: Okawaru
     0 | D:1      | 0 ||| qw: Allow faded altars: false
     0 | D:1      | 0 ||| qw: Do Orc after clearing Dungeon:15 true
     0 | D:1      | 0 ||| qw: Do second Lair branch before Depths: true
     0 | D:1      | 0 ||| qw: Lair rune preference: random
     0 | D:1      | 0 ||| qw: Goals: Normal
     0 | D:1      | 0 ||| PLANNING D:1-11
    96 | D:1      | 96 ||| SWAPPING to +0 arbalest.
    97 | D:1      | 97 ||| DROPPING +1 sling.
   296 | D:1      | HP: 3/12 [quokka (3)]
   300 | D:1      | Reached XP level 2. HP: 6/16 MP: 3/3
   600 | D:1      | Reached skill level 3 in Ranged Weapons
   830 | D:1      | 830 ||| UPGRADING to +0 helmet.
   835 | D:1      | 835 ||| UPGRADING to +1 ring mail of willpower.
   845 | D:1      | 845 ||| DROPPING +0 robe.
   846 | D:1      | 846 ||| UPGRADING to scarf of resistance.
   851 | D:1      | 851 ||| UPGRADING to amulet of reflection.
   856 | D:1      | 856 ||| READING scroll labelled MEOTTUPIENN.
   857 | D:1      | 857 ||| READING scroll labelled INIPYV ZIBAHI.
   858 | D:1      | 858 ||| DROPPING scroll of poison.
  1197 | D:2      | Reached XP level 3. HP: 21/21 MP: 4/4
  1219 | D:2      | Found a faded altar of an unknown god.
  1416 | D:2      | Reached skill level 1 in Armour
  1882 | D:2      | 1882 ||| READING scroll labelled XUUHAKKUCRIV.
  1885 | D:2      | 1885 ||| READING scroll labelled TISUNT FAPTANU.
  1952 | D:3      | Found Quol Foo's Antique Armour Shop.
  1961 | D:3      | 1961 ||| BUYING crude robe (96 gold).
  1961 | D:3      | Bought a crude robe for 96 gold pieces
  1961 | D:3      | Identified the +0 robe of the Barnacled God {+Inv} (You
                  | bought it in a shop on level 3 of the Dungeon)
  1961 | D:3      | 1961 ||| SHOPLISTING glowing hat (119 gold, have 4).
  1961 | D:3      | 1961 ||| SHOPLISTING pair of gloves (76 gold, have 4).
  1961 | D:3      | 1961 ||| SHOPLISTING runed helmet (127 gold, have 4).
  1961 | D:3      | 1961 ||| SHOPLISTING runed robe (62 gold, have 4).
  2060 | D:3      | Found Sesum's Armour Shoppe.
  2069 | D:3      | 2069 ||| SHOPLISTING +0 pair of boots (54 gold, have 43).
  2343 | D:3      | Found a radiant altar of Vehumet.
  2343 | D:3      | Noticed a charred statue
  2351 | D:3      | Killed a charred statue
  2352 | D:3      | Reached XP level 4. HP: 26/26 MP: 5/5
  2388 | D:3      | Reached skill level 4 in Ranged Weapons
  2720 | D:3      | 2720 ||| DROPPING +0 robe of the Barnacled God {+Inv}.
  2741 | D:4      | Noticed Pikel
  2741 | D:4      | Noticed a lemure
  2741 | D:4      | Noticed a lemure
  2741 | D:4      | Noticed a lemure
  2741 | D:4      | Noticed a lemure
  2744 | D:4      | 2744 ||| STAIRDANCE
  2746 | D:3      | Killed a lemure
  2751 | D:3      | HP: 1/26 [lemure[Pikel] (6)]
  2752 | D:3      | Slain by a lemure

Levels and vault maps discovered:
D:1:      dpeg_arrival_water_temple_mockup, layout_loops_corners,
          minmay_misc_feat_pillars
D:2:      layout_loops_cross, hellmonk_ecumenical_altar_blasted,
          serial_co_window_serial, co_window_corner_a,
          co_window_of_opportunity_a, co_window_cross_1, co_window_paths_b,
          co_window_paths_b, co_window_broadway_c, co_window_unsneaky_path_b,
          co_window_of_opportunity_b, co_window_paths_c, co_window_broadway_c,
          co_window_broadway_b, co_window_broadway_a, grunt_decor_one_mirror
D:3:      layout_basic, vehumet_statue, serial_shops, shop, nicolae_square_shop
D:4:      layout_basic, lemuel_tele_altar, uniq_pikel

Skill      XL: |  1  2  3  4 |
---------------+-------------+-----
Ranged Weapons | 3 4 |  4.1
Fighting       | 2 |  2.0
Armour         | 1 |  1.0
Dodging        | |  1.5
Spellcasting   | |  1.0
Hexes          | |  2.6

Action                     |  1- 3 |  4- 6 || total
---------------------------+-------+-------++-------
   Fire: Arbalest          |   121 |    14 ||   135
         Sling             |     8 |       ||     8
    Use: Scroll            |     4 |       ||     4
 Armour: Robe              |     5 |       ||     5
         Ring mail         |    19 |     9 ||    28
  Dodge: Dodged            |    48 |     6 ||    54
  Block: Other             |    14 |     6 ||    20
         Reflection        |     1 |       ||     1

Table legend:
 A = Non-vault XP
 B = Vault XP
 C = Vault XP percentage of total XP
 D = Non-vault monster count
 E = Vault monster count
 F = Vault count percentage of total count
                 A         B        C        D         E       F
            +---------+---------+-------+---------+---------+-------
      Total |      94 |      32 |  25.4 |      48 |       1 |   2.0
            +---------+---------+-------+---------+---------+-------
        D:1 |      26 |       0 |   0.0 |      16 |       0 |   0.0
        D:2 |      30 |       0 |   0.0 |      21 |       0 |   0.0
        D:3 |      38 |      32 |  45.7 |      11 |       1 |   8.3
            +---------+---------+-------+---------+---------+-------
